 Dungeon Crawl Stone Soup version 0.28.0 (webtiles) character file.

Game seed: 16395233769089593702

47 GrayStillPlays the Shield-Bearer (level 3, -3/20 HPs)
             Began as a Vine Stalker Fighter on Feb 8, 2022.
             Slain by Natasha (4 damage)
             ... on level 2 of the Dungeon.
             The game lasted 00:03:15 (2025 turns).

GrayStillPlays the Shield-Bearer (VSFi)             Turns: 2025, Time: 00:03:16

Health: -3/20      AC:  6    Str: 20    XL:     3   Next: 70%
Magic:  0/4        EV:  9    Int:  8    God:
Gold:   100        SH:  4    Dex: 13    Spells: 2/2 levels left

rFire   . . .      SeeInvis .   a - +0 rapier {short}
rCold   . . .      Faith    .   c - +0 buckler
rNeg    . . .      Spirit   +   b - +0 scale mail
rPois   .          Reflect  .   (no helmet)
rElec   .          Harm     .   (no cloak)
rCorr   .          Rampage  .   (no gloves)
Will    .....                   (no boots)
Stlth   ..........              (no amulet)
HPRegen 0.06/turn               (no ring)
MPRegen 0.09/turn               (no ring)

@: mighty, slowed, very slow
A: fangs 2, magic shield, antimagic bite, no potion heal 2
a: no special abilities


You were on level 2 of the Dungeon.
You visited 1 branch of the dungeon, and saw 2 of its levels.

You collected 100 gold pieces.


Innate Abilities, Weirdness & Mutations

You have extremely sharp teeth.
When hurt, damage is shared between your health and your magic reserves.
Your bite disrupts and absorbs the magic of your enemies.
Potions cannot restore your health.


   Skills:
 + Level 3.1 Fighting
 + Level 2.3 Short Blades
 + Level 2.8 Armour
 + Level 3.1 Shields


You had 2 spell levels left.
You didn't know any spells.
Your spell library was empty.

Inventory:

Hand Weapons
 a - a +0 rapier (weapon) {short}
Missiles
 e - 78 stones (quivered) {throwing}
 j - 6 datura-tipped darts {throwing}
Armour
 b - a +0 scale mail (worn)
 c - a +0 buckler (worn)
Scrolls
 f - a scroll of acquirement {unknown}
 g - a scroll of identify {unknown}
 h - a scroll of enchant armour {unknown}
 i - a scroll of vulnerability {unknown}
Potions
 k - a potion of lignification {unknown}
 l - a potion of flight {unknown}
 m - a potion of heal wounds {unknown}

Dungeon Overview and Level Annotations

Branches:
Dungeon (2/15)

Altars:

Annotations:
D:2 Natasha

#. #.# #. #.# #.## #.##
#... ...# #..# #..#
##..# #..###### #..h#
####........ #@#
##<##..##### #
#5###.#........#
#####.#.##.###.........
..........## ##..###.##
#####....## ##.# #
###.#.## ##..#
#.##.###...#
#.....#....#
####...######


You could see Natasha and a white imp (summoned).


Message History

e - 78 stones {throwing} (gained 20)
You now have 100 gold pieces (gained 10).
A ball python comes into view.
Found a stone staircase leading down.
The ball python hisses angrily. 😎 HP[+2]
Your hp is fully restored (20).
Found an escape hatch in the floor.
Found a stone staircase leading up.
You barely miss the ball python. You block the ball python's attack.
The ball python grabs you. The ball python constricts you.
You closely miss the ball python.
The ball python bites you but does no damage.
The ball python constricts you.
The ball python bites you but does no damage.
The ball python constricts you. 😕 HP[-1] MP[-1]
You take 1 damage, and now have 19/20 hp.
You lost 1 mp, and now have 3/4 mp.
You closely miss the ball python. Your bite misses the ball python.
The ball python barely misses you.
The ball python constricts you. 😕 MP[-1]
You lost 1 mp, and now have 2/4 mp.
You barely miss the ball python. Your bite misses the ball python.
You block the ball python's attack. The ball python constricts you.
The ball python bites you but does no damage.
The ball python constricts you. 😎 HP[+1]
Your hp is fully restored (20).
You hit the ball python.
You kill the ball python!
j - 6 datura-tipped darts {throwing} A frilled lizard comes into view.
The frilled lizard hisses angrily. 😎 MP[+2]
Your mp is fully restored (4).
A frilled lizard is nearby!
The frilled lizard barely misses you.
You hit the frilled lizard.
You kill the frilled lizard!
No target in view!
A goblin comes into view. It is wielding a +0 club.
The goblin shouts!
The goblin hits you but does no damage.
You closely miss the goblin. You bite the goblin.
You kill the goblin!
k - a metallic emerald potion A giant cockroach comes into view.
You see here a murky emerald potion.
l - a murky emerald potion The giant cockroach bites you but does no damage.
You see here a fizzy red potion.
You hit the giant cockroach.
You kill the giant cockroach!
m - a fizzy red potion
Found a stone staircase leading down.
There is a stone staircase leading down here.
A giant cockroach comes into view.
A giant cockroach is nearby!
The giant cockroach bites you but does no damage.
You hit the giant cockroach.
You kill the giant cockroach!
You see here a giant cockroach corpse.
Natasha, Servant of Life and Death comes into view.
Natasha hisses angrily.
Natasha mewls in sadness.
Natasha mumbles some strange words.
You closely miss Natasha. You bite Natasha.
Natasha's magic leaks into the air.
You drain her magic.
Natasha falters for a moment.
The white imp barely misses you. Natasha completely misses you.
You hit Natasha. The white imp hits you. The white imp freezes you.
Natasha falters for a moment. 😕 HP[-3] MP[-1]
You take 3 damage, and now have 17/20 hp.
You lost 1 mp, and now have 3/4 mp.
You barely miss Natasha. Your bite misses Natasha.
The white imp gestures at you. The puff of frost hits you!
Natasha falters for a moment. 😮 HP[-6] MP[-1]
You take 6 damage, and now have 11/20 hp.
MASSIVE DAMAGE!! (PAUSE)
You lost 1 mp, and now have 2/4 mp.
You hit Natasha. The white imp gestures at you. The puff of frost hits you!
* * * LOW HITPOINT WARNING * * *
Natasha claws you.
* * * LOW HITPOINT WARNING * * *
😱 HP[-10] MP[-2]
You take 10 damage, and now have 1/20 hp.
MASSIVE DAMAGE!! (PAUSE)
You lost 2 mp, and now have 0/4 mp.
You feel very mighty all of a sudden. You block the white imp's attack.
Natasha stares at you and mumbles some strange words.
You feel yourself slow down.
You hit Natasha. Your bite misses Natasha.
Natasha's magic is no longer disrupted.
The white imp closely misses you. Natasha claws you.
You die...

Skill      XL: |  1  2 |
---------------+-------+-----
Short Blades   | 2 |  2.3
Shields        | 3 |  3.1
Fighting       | 3 |  3.1
Armour         | |  2.8

Action                   || total
-------------------------++-------
Melee: Rapier            ||   107
       Bite              ||    22
  Use: Potion            ||     1
Armor: Scale mail        ||    41
Dodge: Dodged            ||    42
Block: Buckler           ||    16

Levels and vault maps discovered:
D:1:      dpeg_arrival_more_subterranean_lakeside_camping, layout_basic,
          shapermc_ecumenical_altar_flowoftime
D:2:      layout_loops_ring, uniq_natasha

Notes
Turn   | Place    | Note
-------+----------+-------------------------------------------
     0 | D:1      | GrayStillPlays the Vine Stalker Fighter began the quest for
                  | the Orb.
     0 | D:1      | Reached XP level 1. HP: 11/11 MP: 2/2
     0 | D:1      | magus.rc [v1.9.6]
   143 | D:1      | HP: 2/11 [kobold (1)]
   145 | D:1      | Reached skill level 2 in Short Blades
   145 | D:1      | Reached XP level 2. HP: 3/16 MP: 0/3
   737 | D:1      | Reached skill level 3 in Shields
   845 | D:1      | Reached skill level 3 in Fighting
   845 | D:1      | Reached XP level 3. HP: 18/20 MP: 4/4
  1026 | D:1      | Found a faded altar of an unknown god.
  2016 | D:2      | Noticed Natasha
  2023 | D:2      | HP: 2/20 [white imp/puff of frost[Natasha] (9)]
  2025 | D:2      | Slain by Natasha

Vanquished Creatures
  A dart slug (D:1)
  A bat (D:1)
  4 endoplasms
  6 giant cockroaches
  4 goblins
  3 hobgoblins (D:1)
  4 jackals (D:1)
  4 kobolds
  3 quokkas (D:1)
  4 ball pythons
  2 frilled lizards
  A rat (D:1)
37 creatures vanquished.

Vanquished Creatures (others)
  2 plants (D:1)
2 creatures vanquished.

Grand Total: 39 creatures vanquished

Table legend:
 A = Non-vault XP
 B = Vault XP
 C = Vault XP percentage of total XP
 D = Non-vault monster count
 E = Vault monster count
 F = Vault count percentage of total count
                 A         B        C        D         E       F
            +---------+---------+-------+---------+---------+-------
      Total |      68 |       0 |   0.0 |      37 |       0 |   0.0
            +---------+---------+-------+---------+---------+-------
        D:1 |      56 |       0 |   0.0 |      30 |       0 |   0.0
        D:2 |      12 |       0 |   0.0 |       7 |       0 |   0.0
            +---------+---------+-------+---------+---------+-------

Illustrated notes

Table legend:
 A = Kills in this place as a percentage of kills in entire the game.
 B = Kills by you in this place as a percentage of kills by you in the entire game.
 C = Kills by friends in this place as a percentage of kills by friends in the entire game.
 D = Other kills in this place as a percentage of other kills in the entire game.
 E = Experience gained in this place as a percentage of experience gained in the entire game.
 F = Experience gained in this place divided by the number of levels of this place that you have seen.
                   A       B       C       D       E      F
               +-------+-------+-------+-------+-------+----------------------
         Total | 100.0 | 100.0 |   N/A |   N/A | 100.0 |  34.0
       Dungeon | 100.0 | 100.0 |   N/A |   N/A | 100.0 |  34.0
               +-------+-------+-------+-------+-------+----------------------

Table legend: (Time is in decaauts)
 A = Elapsed time spent in this place.
 B = Non-inter-level travel time spent in this place.
 C = Inter-level travel time spent in this place.
 D = Time resting spent in this place.
 E = Time spent auto-exploring this place.
 F = Levels seen in this place.
 G = Mean time per level.
                   A        B        C        D        E       F      G
               +--------+--------+--------+--------+--------+-----+--------+
         Total |   2041 |   2018 |     23 |     33 |   1729 |   2 | 1020.5 |
       Dungeon |   2041 |   2018 |     23 |     33 |   1729 |   2 | 1020.5 |
               +--------+--------+--------+--------+--------+-----+--------+

Top non-repeatable levels by time:
     D:1: 1668 daAuts
     D:2: 373 daAuts
